Map: Vaani Research Station (Void)

Players

Aurano

  • Race: Protoss Protoss
  • League: Diamond
  • Spawn Location: 6:00

Musumeci - Winner!

  • Race: Zerg Zerg
  • League: Diamond
  • Spawn Location: 12:00

VOD

Have the link to the VOD?

Description

Time

  • Played on: Dec. 30, 2016, 3:23 p.m.
  • Length: 12:04
Show
View Real Time Build Order
Export as new Build Order

Aurano Protoss 

Build Orders: Oracle Opening 

Get SALT Encoding   

  12  0:01  Probe (Chrono Boost)  
  13  0:11  Probe (Chrono Boost)  
  14  0:18  Pylon  
  14  0:22  Probe (Chrono Boost)  
  15  0:37  Probe (Chrono Boost)  
  15  0:38  Gateway  
  16  0:47  Probe (Chrono Boost)  
  16  0:48  Assimilator  
  17  0:58  Probe (Chrono Boost)  
  18  1:08  Probe (Chrono Boost)  
  19  1:19  Probe (Chrono Boost)  
  20  1:54  Nexus  
  20  1:59  Cybernetics Core  
  20  2:00  Pylon, Probe (Chrono Boost)  
  21  2:05  Assimilator  
  21  2:11  Probe (Chrono Boost)  
  22  2:20  Zealot  
  24  2:27  Probe (Chrono Boost)  
  25  2:31  Pylon  
  25  2:37  Warp Gate  
  25  2:38  Mothership Core (Chrono Boost)  
  27  2:56  Probe (Chrono Boost)  
  27  2:57  Stargate  
  28  3:04  Stalker  
  30  3:07  Probe (Chrono Boost)  
  30  3:08  Probe (Chrono Boost)  
  32  3:17  Pylon  
  32  3:18  Probe x2 (Chrono Boost)  
  34  3:28  Probe (Chrono Boost)  
  34  3:29  Probe (Chrono Boost)  
  35  3:35  Oracle  
  35  3:39  Probe (Chrono Boost)  
  35  3:40  Probe (Chrono Boost)  
  40  3:48  Pylon  
  40  3:50  Probe (Chrono Boost)  
  40  3:52  Probe (Chrono Boost)  
  42  4:00  Probe (Chrono Boost)  
  42  4:01  Twilight Council  
  43  4:04  Probe (Chrono Boost)  
  43  4:08  Phoenix  
  44  4:11  Probe (Chrono Boost)  
  44  4:17  Probe (Chrono Boost)  
  48  4:21  Probe (Chrono Boost)  
  48  4:23  Assimilator  
  49  4:28  Assimilator  
  49  4:29  Probe (Chrono Boost)  
  50  4:32  Probe (Chrono Boost)  
  50  4:33  Phoenix  
  50  4:37  Gateway x2  
  53  4:41  Probe (Chrono Boost)  
  53  4:44  Probe (Chrono Boost)  
  56  4:53  Probe (Chrono Boost)  
  56  4:57  Phoenix  
  56  4:59  Probe (Chrono Boost)  
  54  5:05  Stalker, Probe (Chrono Boost)  
  54  5:07  Resonating Glaives  
  59  5:10  Probe (Chrono Boost)  
  60  5:14  Pylon  
  60  5:15  Pylon  
  60  5:17  Forge  
  60  5:18  Forge  
  60  5:29  Zealot  
  62  5:44  Nexus  
  62  5:45  Phoenix  
  64  5:57  Protoss Ground Weapons Level 1, Protoss Ground Armor Level 1  
  64  6:02  Gateway  
  64  6:03  Gateway  
  64  6:05  Pylon  
  64  6:06  Gateway  
  64  6:07  Sentry, Pylon  
  68  6:11  Probe (Chrono Boost)  
  68  6:12  Probe (Chrono Boost)  
  68  6:39  Gateway  
  68  6:40  Gateway  
  68  6:41  Adept x3  
  68  6:43  Pylon  
  68  6:44  Pylon, Probe (Chrono Boost)  
  68  6:46  Probe (Chrono Boost)  
  76  7:06  Probe x2 (Chrono Boost)  
  76  7:08  Probe (Chrono Boost)  
  79  7:12  Adept x3  
  85  7:28  Robotics Facility x2  
  88  7:30  Probe x2 (Chrono Boost)  
  88  7:31  Probe (Chrono Boost)  
  88  7:35  Adept x2  
  88  7:36  Adept x4  
  100  7:43  Probe (Chrono Boost)  
  91  8:12  Probe x2 (Chrono Boost)  
  94  8:14  Assimilator, Probe (Chrono Boost)  
  94  8:16  Observer  
  94  8:17  Protoss Ground Weapons Level 2  
  94  8:19  Observer, Assimilator  
  96  8:20  Pylon  
  96  8:22  Protoss Ground Armor Level 2  
  96  8:23  Pylon  
  96  8:25  Robotics Bay  
  96  8:26  Probe x2 (Chrono Boost)  
  99  8:28  Probe (Chrono Boost)  
  99  8:29  Adept x4  
  99  8:30  Adept x2  
  99  8:33  Pylon  
  111  8:37  Probe (Chrono Boost)  
  111  8:38  Probe (Chrono Boost)  
  111  8:40  Pylon, Probe (Chrono Boost)  
  114  8:41  Pylon  
  114  8:49  Immortal  
  114  8:50  Immortal  
  114  8:53  Probe x2 (Chrono Boost)  
  124  8:59  Dark Shrine  
  111  9:19  Probe (Chrono Boost)  
  111  9:20  Probe x2 (Chrono Boost)  
  111  9:23  Extended Thermal Lance  
  114  9:26  Colossus x2  
  114  9:30  Stalker x2  
  114  9:31  Stalker x3  
  135  9:32  Probe (Chrono Boost)  
  135  9:35  Probe (Chrono Boost)  
  138  9:48  Probe (Chrono Boost)  
  138  9:49  Probe x2 (Chrono Boost)  
  141  9:59  Nexus  
  141  10:00  Pylon  
  141  10:04  Pylon  
  141  10:12  Probe x3 (Chrono Boost)  
  141  10:13  Dark Templar  
  146  10:17  Dark Templar  
  148  10:22  Colossus x2  
  158  10:44  Sentry x3  
  158  10:45  Sentry  
  158  10:48  Probe x3 (Chrono Boost)  
  169  10:53  Gateway  
  169  10:54  Gateway  
  169  10:56  Pylon  
  169  11:07  Sentry x2  
  173  11:19  Photon Cannon  
  173  11:22  Photon Cannon  
  173  11:28  Warp Prism  
Show
View Real Time Build Order
Export as new Build Order

Musumeci Zerg - Winner!

Build Orders: Hatch First 

Get SALT Encoding   

  12  0:01  Drone  
  13  0:08  Drone  
  14  0:19  Drone, Extractor  
  15  0:40  Hatchery  
  14  0:46  Drone, Extractor  
  15  1:01  Spawning Pool  
  14  1:13  Drone, Extractor x2  
  14  1:15  Drone  
  15  1:23  Overlord  
  15  1:41  Drone  
  15  1:42  Drone  
  17  1:47  Drone  
  17  1:53  Queen  
  20  2:15  Drone x5  
  24  2:20  Metabolic Boost  
  24  2:25  Drone  
  25  2:33  Overlord  
  25  2:40  Queen  
  27  2:45  Drone  
  31  2:51  Zergling x6  
  31  3:01  Drone x2  
  33  3:21  Hatchery  
  32  3:36  Drone x4  
  36  3:55  Spore Crawler  
  35  3:56  Drone x2, Spore Crawler  
  35  4:01  Overlord  
  35  4:02  Overlord  
  36  4:09  Lair  
  36  4:14  Roach Warren  
  36  4:15  Drone  
  36  4:16  Drone, Extractor  
  36  4:19  Extractor  
  36  4:20  Drone  
  36  4:21  Drone x6  
  42  4:27  Drone  
  42  4:30  Drone  
  44  4:47  Extractor  
  43  4:53  Drone x9  
  43  4:56  Overlord  
  52  5:04  Spore Crawler  
  51  5:08  Spore Crawler  
  51  5:09  Spore Crawler  
  49  5:17  Spore Crawler  
  48  5:27  Overlord  
  48  5:28  Overlord x2  
  48  5:32  Hydralisk Den  
  48  5:33  Drone x3  
  48  5:35  Evolution Chamber  
  47  5:42  Zergling x2  
  47  5:43  Zergling x6  
  47  5:49  Drone  
  53  5:50  Drone x4  
  53  5:54  Drone x2  
  57  6:14  Zergling x8  
  61  6:19  Muscular Augments  
  59  6:26  Zergling x2  
  59  6:27  Zergling x18  
  69  6:34  Baneling Nest  
  69  6:35  Zerg Melee Weapons Level 1  
  68  6:46  Zergling x12  
  74  6:50  Overseer  
  72  7:08  Queen  
  65  7:22  Baneling x8  
  62  7:26  Drone x4  
  62  7:27  Drone  
  67  7:33  Overlord x4  
  67  7:43  Drone x6  
  72  7:54  Zergling x8  
  70  8:08  Zergling x12  
  76  8:16  Extractor x2  
  74  8:21  Drone  
  74  8:22  Drone x5  
  74  8:24  Drone x2  
  82  8:32  Zerg Melee Weapons Level 2  
  82  8:33  Centrifical Hooks  
  82  8:38  Hydralisk x11  
  104  8:51  Baneling x5  
  93  9:21  Glial Reconstitution  
  93  9:23  Zergling x10  
  98  9:25  Overlord x5  
  98  9:26  Overlord  
  98  9:29  Overlord  
  98  9:43  Hatchery  
  96  9:53  Zergling x2  
  96  9:54  Zergling x20  
  107  10:07  Baneling x6  
  107  10:09  Zergling x20  
  107  10:11  Baneling  
  107  10:13  Baneling x2  
  117  10:14  Baneling x3  
  117  10:15  Baneling x4  
  116  10:43  Baneling  
  116  10:44  Baneling x4, Zergling x16  
  116  10:45  Zergling x10  
  129  10:52  Baneling x15  
  129  10:53  Baneling x13  
  129  10:55  Zergling x6  
  132  11:06  Baneling x23  
  132  11:07  Baneling x3  
  132  11:09  Zergling x14  
  139  11:28  Zergling x8, Spire  
  139  11:29  Zergling x10  
Tags
 
Add a new tag
Caveats
  • Supply blocks, unpowered buildings, or Contaminate may cause inaccurate times.
  • Supply counts are checked every 10 seconds.